AoeStats
← lbaquino21

Arena

508552533Analyzed
1v1 RM · 8d ago on Sep 23, 2026· 22m 8s· 2 players
Game mode
Random Map
Map size
Tiny (2 player)
Population
200
Speed
Normal
Resources
Standard
Victory
Conquest
Starting age
Dark Age
Ending age
Imperial Age
RankedLock teamsTeams togetherTeam positionsShared explorationLock speedFull tech treeHidden civsTurbo modeCheats
Victory
Defeat
🇦🇷 Khmer · Argentina
908
+18
🇧🇷 Persians · Brazil
952
-53
^PenXpro_iWnL_^
11:58 Feudal Age
17:11 Castle Age
20:02 Husbandry
lbaquino21
8:43 Loom
11:18 Feudal Age
12:32 Wheelbarrow
11:41 Horse Collar
12:11 Double-Bit Axe
20:35 Scale Barding Armor
23:15 Castle Age
Connection lost

Rejoining the realm…

Still unreachable

The connection could not be restored.

Session expired

The server has moved on; the page needs a fresh start.